 Dungeon Crawl Stone Soup version 0.19.1-1-g22dce08 (webtiles) character file.

2356 galech the Basher (level 9, -5/69 HPs)
             Began as a Formicid Fighter on Jan 17, 2017.
             Was a Follower of Okawaru.
             Slain by an orc warrior
             ... wielding a +0 dire flail
              (21 damage)
             ... on level 7 of the Dungeon.
             The game lasted 00:16:01 (6801 turns).

galech the Basher (Formicid Fighter)                Turns: 6801, Time: 00:16:02

Health: -5/69      AC: 16    Str: 23    XL:     9   Next: 71%
Magic:  9/9        EV:  7    Int:  9    God:    Okawaru [*.....]
Gold:   570        SH: 11    Dex: 10    Spells: 0 memorised, 8 levels left

rFire  . . .     SeeInvis +     t - +0 morningstar
rCold  + . .     Gourm    .     C - +0 plate armour (curse)
rNeg   . . .     Faith    .     c - +0 shield
rPois  +         Spirit   .     (helmet unavailable)
rElec  .         Reflect  .     F - +1 cloak {rPois}
rCorr  .         Harm     .     m - +0 pair of gloves
MR     +....                    (no boots)
Stlth  ..........               (no amulet)
                                i - ring of protection from cold
                                (no ring)

@: no status effects
A: permanent stasis, dig shafts and tunnels, four strong arms, antennae 3, magic
resistance 1, mutation resistance 1, wild magic 1
a: Dig, Shaft Self, Heroism, Renounce Religion


You were on level 7 of the Dungeon.
You worshipped Okawaru.
Okawaru was aware of your devotion.
You were not hungry.

You visited 2 branches of the dungeon, and saw 8 of its levels.
You also visited: Ossuary.

You collected 570 gold pieces.

Inventory:

Hand Weapons
 a - a +0 flail
 t - a +0 morningstar (weapon)
Armour
 c - a +0 shield (worn)
 m - a +0 pair of gloves (worn)
 C - a cursed +0 plate armour (worn)
 F - a +1 cloak of poison resistance (worn)
Jewellery
 i - a ring of protection from cold (right hand)
 w - an uncursed ring of magical power
Wands
 l - a wand of teleportation (4/9)
Scrolls
 b - a scroll of fog {unknown}
 e - 5 scrolls of enchant weapon
 n - a scroll of random uselessness
 o - 2 scrolls of amnesia
 q - 3 scrolls of teleportation
 s - a scroll of immolation
 v - a scroll of fear
 y - 2 scrolls of remove curse
 D - a scroll of identify
 G - a scroll of noise {unknown}
Potions
 d - a potion of might
 g - 3 potions of cure mutation
 p - 7 potions of curing
 r - 2 potions of agility
 u - a potion of berserk rage {unknown}
 x - a potion of haste {unknown}
 z - a potion of invisibility {unknown}
 A - a potion of mutation {unknown}
Books
 j - a book of Frost

   Spells                             Type                      Level
   a - Freeze                         Ice                          1
   b - Throw Frost                    Conjuration/Ice              2
   c - Ozocubu's Armour               Charms/Ice                   3
   d - Throw Icicle                   Conjuration/Ice              4
   e - Summon Ice Beast               Ice/Summoning                4
Comestibles
 f - 4 bread rations
 h - 2 beef jerkies
 k - 3 meat rations
 B - 3 fruits
 E - 8 chunks of flesh


   Skills:
 + Level 5.9 Fighting
 + Level 8.1 Maces & Flails
 + Level 6.0 Armour
 + Level 2.6 Dodging
 + Level 2.5 Stealth
 + Level 7.8 Shields


You had 8 spell levels left.
You didn't know any spells.

Dungeon Overview and Level Annotations

Branches:
Dungeon (7/15)             Temple (1/1) D:4

Altars:
Ashenzari
Cheibriados
Dithmenos
Elyvilon
Fedhas
Hepliaklqana
Makhleb
Nemelex Xobeh
Okawaru
Qazlal
Ru
Sif Muna
Trog
Uskayaw
Vehumet
Xom
Yredelemnul
Zin

Annotations:
D:7 Apogee's ghost, novice VSFi


Innate Abilities, Weirdness & Mutations

You are under a permanent stasis effect.
You can dig through walls and to a lower floor.
Your four strong arms can wield two-handed weapons with a shield.
You have a pair of large antennae on your head. (SInv)
You are resistant to hostile enchantments. (MR+)
You are somewhat resistant to further mutation.
Your spells are a little harder to cast, but a little more powerful.


Message History

The orc warrior is moderately wounded.
The orc warrior hits you with a dire flail.
You closely miss the orc warrior.
The orc warrior is moderately wounded.
The orc warrior hits you with a dire flail!
You closely miss the orc warrior.
The orc warrior is moderately wounded.
You hit the orc warrior but do no damage.
The orc warrior is lightly wounded.
The orc warrior hits you with a dire flail!
You block Apogee's ghost's attack.
The iguana hisses menacingly.
Apogee's ghost screams, "What do you have that I didn't have?"
The orc priest begins to cast a cantrip, but forgets the words!
The orc priest invokes the aid of Beogh against you.
Beogh smites you!
* * * LOW HITPOINT WARNING * * *
There is a stone staircase leading up here.
The orc warrior hits you with a dire flail!!
You die...

#.. #.### #.#..
#.#.# ####### #.#.#
#.....# #######.#.#
#.....####...##....#
#.....())..........#
#..@o.##).........##
#.....##...o........
###...Wo.{{o...#.###
#..##..l......#.o.
#..#####...###.###
#..# ##.## .# # #..#
#.# # ...# #.# ##.#
#.#


You could see an orc warrior, an iguana, Apogee's ghost and an orc.

Vanquished Creatures
  The ghost of Exporg the Cudgeler, a novice MiFi of Trog (Ossuary)
  Grinder (D:2)
  A hippogriff (D:5)
  2 sky beasts (D:5)
  A black bear (D:6)
  An orc warrior (D:6)
  5 ogres (D:6)
  A centaur (D:7)
  Blork the orc (D:6)
  A gnoll sergeant (D:7)
  A jelly (D:6)
  A crimson imp (D:6)
  A centaur zombie (D:5)
  An orc priest (D:6)
  Crazy Yiuf (D:3)
  An orc wizard (D:6)
  Jessica (D:2)
  2 iguanas
  2 worker ants (D:6)
  8 mummies (Ossuary)
  A worker ant zombie (D:5)
  5 gnolls (D:7)
  6 adders
  3 oozes
  2 worms
  4 dart slugs
  5 leopard geckos
  18 orcs
  2 ball pythons (D:3)
  12 bats
  4 giant cockroaches
  A gnoll zombie (Ossuary)
  7 goblins
  9 hobgoblins
  8 jackals
  A quokka (D:3)
  4 frilled lizards (D:3)
  A goblin zombie (D:4)
  A hobgoblin zombie (Ossuary)
  13 kobolds
  3 kobold zombies (Ossuary)
  3 orc zombies (Ossuary)
  6 rats
  A rat zombie (D:4)
  3 fungi (D:3)
157 creatures vanquished.

Notes
Turn   | Place    | Note
-------+----------+-------------------------------------------
     0 | D:1      | galech the Formicid Fighter began the quest for the Orb.
     0 | D:1      | Reached XP level 1. HP: 18/18 MP: 1/1
   134 | D:1      | Reached XP level 2. HP: 24/24 MP: 2/2
   401 | D:1      | Reached XP level 3. HP: 29/29 MP: 3/3
   855 | D:2      | Noticed Jessica
   858 | D:2      | Reached XP level 4. HP: 37/37 MP: 4/4
   875 | D:2      | Killed Jessica
  1128 | D:2      | Reached XP level 5. HP: 42/42 MP: 5/5
  1173 | D:2      | Reached skill level 3 in Maces & Flails
  1272 | D:3      | Noticed Grinder
  1292 | D:2      | You fall through a shaft!
  1651 | D:3      | Reached skill level 1 in Dodging
  1767 | D:3      | Found a sacrificial altar of Ru.
  2426 | D:3      | Reached skill level 5 in Shields
  2448 | D:3      | Found a runed door.
  2483 | D:3      | Noticed Crazy Yiuf
  2487 | D:3      | Killed Crazy Yiuf
  2487 | D:3      | Reached XP level 6. HP: 48/48 MP: 6/6
  2887 | D:2      | Killed Grinder
  2887 | D:2      | Reached skill level 4 in Maces & Flails
  2887 | D:2      | Reached skill level 1 in Stealth
  2887 | D:2      | Reached XP level 7. HP: 13/54 MP: 7/7
  3232 | D:4      | Found a sparkling altar of Nemelex Xobeh.
  3268 | D:4      | Found a staircase to the Ecumenical Temple.
  3376 | D:4      | Found a sand-covered staircase.
  3384 | Ossuary  | Entered an ossuary
  3388 | Ossuary  | Noticed Exporg's ghost (novice MiFi)
  3406 | Ossuary  | Killed Exporg's ghost
  3406 | Ossuary  | Reached skill level 5 in Maces & Flails
  3406 | Ossuary  | Reached XP level 8. HP: 42/61 MP: 8/8
  4230 | D:5      | Entered Level 5 of the Dungeon
  4288 | D:5      | Reached skill level 5 in Fighting
  4292 | D:5      | Gained mutation: You are resistant to hostile enchantments. (MR+) [mutagenic meat]
  4293 | D:5      | Gained mutation: Your spells are a little harder to cast, but a little more powerful. [mutagenic meat]
  4295 | D:5      | Gained mutation: You are somewhat resistant to further mutation. [mutagenic meat]
  4525 | D:5      | Reached skill level 6 in Maces & Flails
  4551 | D:5      | Noticed a hippogriff
  4562 | D:5      | Killed a hippogriff
  5018 | D:6      | Reached skill level 5 in Armour
  5217 | Temple   | Entered the Ecumenical Temple
  5301 | Temple   | Became a worshipper of Warmaster Okawaru
  5447 | D:6      | Reached XP level 9. HP: 46/68 MP: 9/9
  5449 | D:6      | Reached skill level 7 in Maces & Flails
  5868 | D:6      | Reached * piety under Okawaru
  6267 | D:6      | Noticed Blork the orc
  6274 | D:6      | Killed Blork the orc
  6738 | D:7      | Reached skill level 8 in Maces & Flails
  6777 | D:7      | Noticed Apogee's ghost (novice VSFi)
  6801 | D:7      | Slain by an orc warrior

Skill      XL: |  1  2  3  4  5  6  7  8  9 |
---------------+----------------------------+-----
Shields        | 4 5 6 7 |  7.8
Maces & Flails | 3 4 5 6 8 |  8.1
Fighting       | 4 5 |  5.9
Dodging        | 1 2 |  2.6
Armour         | 4 5 6 |  6.0
Stealth        | 1 2 |  2.5

Action                   |  1- 3 |  4- 6 |  7- 9 || total
-------------------------+-------+-------+-------++-------
Melee: Flail             |   113 |   130 |       ||   243
       Morningstar       |       |    58 |   362 ||   420
 Abil: Shaft Self        |       |     1 |       ||     1
  Use: Scroll            |       |     5 |     6 ||    11
       Potion            |       |     2 |       ||     2
  Eat: Chunk             |       |     7 |    18 ||    25
Armor: Scale mail        |    63 |    80 |   121 ||   264
       Plate armour      |       |       |    43 ||    43
Dodge: Dodged            |    53 |    70 |   118 ||   241
Block: Shield            |    82 |    98 |   245 ||   425
